 Dungeon Crawl Stone Soup version 0.26.1-2-gb8aa6d0cf2 (webtiles) character file.

Game seed: 14136348889570602481

37 promet the Sneak (level 3, -2/16 HPs)
             Began as a Vine Stalker Enchanter on Feb 14, 2021.
             Slain by an adder (3 damage)
             ... on level 2 of the Dungeon.
             The game lasted 00:11:49 (1295 turns).

promet the Sneak (Vine Stalker Enchanter)           Turns: 1295, Time: 00:11:50

Health: -2/16      AC:  3    Str:  8 (10) XL:     3   Next: 39%
Magic:  0/7        EV: 12    Int: 15 (16) God:
Gold:   59         SH:  0    Dex: 13 (14) Spells: 3/6 levels left

rFire    . . .     SeeInvis .   a - +1 dagger
rCold    . . .     Faith    .   (no shield)
rNeg     . . .     Spirit   +   e - +0 robe
rPois    .         Reflect  .   f - +0 helmet
rElec    .         Harm     .   (no cloak)
rCorr    .         Rampage  .   (no gloves)
Will     .....                  (no boots)
Stlth    ++........             (no amulet)
HPRegen  0.05/turn              (no ring)
MPRegen  0.10/turn              (no ring)

@: no status effects
A: fangs 2, magic shield, antimagic bite, no potion heal 3
a: no special abilities


You were on level 2 of the Dungeon.
You visited 1 branch of the dungeon, and saw 2 of its levels.

You collected 59 gold pieces.

Inventory:

Hand Weapons
 a - a +1 dagger (weapon)
 b - a +1 hunting sling
Missiles
 c - 49 bolts
 g - 44 stones
 j - 12 poisoned darts
 k - 24 sling bullets
 l - a throwing net
Armour
 e - a +0 robe (worn)
 f - a +0 helmet (worn)
Jewellery
 h - an uncursed ring of flight
Scrolls
 m - a scroll of random uselessness
Potions
 d - a potion of flight


   Skills:
 * Level 0.1 Fighting
 + Level 1.1 Short Blades
 + Level 0.7 Slings
 + Level 1.9 Dodging
 + Level 4.0 Stealth
 + Level 2.4 Spellcasting
 + Level 3.3 Hexes


You had 3 spell levels left.
You knew the following spells:

 Your Spells              Type           Power        Failure   Level
a - Corona                Hex            12%          5%          1
b - Ensorcelled Hibernat  Hex/Ice        12%          16%         2

Your spell library contained the following spells:

 Spells                   Type           Power        Failure   Level
 Confusing Touch          Hex            11%          16%         3
 Tukima's Dance           Hex            11%          16%         3
 Dazzling Flash           Conj/Hex       12%          32%         3


Dungeon Overview and Level Annotations

Branches:
Dungeon (2/15)

Altars:


Innate Abilities, Weirdness & Mutations

You have extremely sharp teeth.
When hurt, damage is shared between your health and your magic reserves.
Your bite disrupts and absorbs the magic of your enemies.
Potions cannot restore your health.


Message History

The adder struggles to resist.
The adder bites you.
You hit the adder but do no damage. Your bite misses the adder.
The adder is moderately wounded.
The adder bites you.
You hit the adder. Your bite misses the adder.
The adder is heavily wounded.
The adder bites you.
Casting: Corona (safe; 4% risk of failure)
Confirm with . or Enter, or press ? or * to list all spells.
Aiming: Corona (safe; 4% risk of failure)
Press: ? - help, Shift-Dir - straight line, f/p - adder
Aim: an adder (heavily wounded, chance to affect: 57%)
The adder struggles to resist.
The adder closely misses you. The adder bites you.
* * * LOW HITPOINT WARNING * * *
It was a potion of degeneration.
There was something very wrong with that liquid.
You feel weakened.
You feel dopey.
You feel clumsy. The adder bites you.
You die...

#.# #.......
#.# #####.##
#.# ...# #.# #
#####
#.########.###
#.#..>...#.!.
#..........#
###.#.##.#.#
#.#.@S.#
#.#.##........
#......#......
###.###...####
#.. ...# ###
...# ...# ...#


You could see an adder.

Vanquished Creatures
  2 dart slugs (D:1)
  A leopard gecko (D:1)
  2 giant cockroaches (D:1)
  4 goblins (D:1)
  4 hobgoblins
  4 jackals (D:1)
  2 bats (D:1)
  4 frilled lizards
  4 kobolds (D:1)
  3 rats (D:1)
30 creatures vanquished.

Notes
Turn   | Place    | Note
-------+----------+-------------------------------------------
     0 | D:1      | promet the Vine Stalker Enchanter began the quest for the
                  | Orb.
     0 | D:1      | Reached XP level 1. HP: 9/9 MP: 4/4
   232 | D:1      | Reached XP level 2. HP: 7/13 MP: 0/6
   419 | D:1      | Reached skill level 1 in Short Blades
   423 | D:1      | Learned a level 2 spell: Ensorcelled Hibernation
   688 | D:1      | Reached skill level 4 in Stealth
   824 | D:1      | Reached XP level 3. HP: 14/16 MP: 2/7
  1295 | D:2      | Slain by an adder

Illustrated notes

Levels and vault maps discovered:
D:1:      tarquinn_simple_flora_water_e, layout_rooms
D:2:      layout_loops_cross, okawaru_altar_gauntlet_db,
          chequers_serial_rivers_small_b, ashenzari_altar_1

Skill      XL: |  1  2 |
---------------+-------+-----
Short Blades   | 1 |  1.1
Stealth        | 4 |  4.0
Fighting       | |  0.1
Slings         | |  0.7
Dodging        | |  1.9
Spellcasting   | |  2.4
Hexes          | |  3.3

Action                   || total
-------------------------++-------
Melee: Dagger            ||    63
       Bite              ||     8
 Fire: Hunting sling     ||    32
 Cast: Corona            ||    32
  Use: Scroll            ||     4
       Potion            ||     1
 Stab: Sleeping          ||     3
Armor: Robe              ||    17
Dodge: Dodged            ||    41
